 Dungeon Crawl Stone Soup version 0.23-a0-484-g29ba69c (webtiles) character file.

66 RoseArtemis the Ruffian (level 3, -1/36 HPs)
             Began as a Troll Monk on Nov 30, 2018.
             Slain by a wight
             ... wielding a +0 scimitar
              (6 damage)
             ... on level 2 of the Dungeon.
             The game lasted 00:02:21 (1064 turns).

RoseArtemis the Ruffian (Troll Monk)                Turns: 1064, Time: 00:02:22

Health: -1/36      AC:  5    Str: 19    XL:     3   Next: 96%
Magic:  2/2        EV: 10    Int:  6    God:
Gold:   20         SH:  0    Dex: 13    Spells: 2/2 levels left

rFire    . . .     SeeInvis .     - Unarmed
rCold    . . .     Gourm    +   (no shield)
rNeg     . . .     Faith    .   a - +0 robe
rPois    .         Spirit   .   (helmet restricted)
rElec    .         Reflect  .   (no cloak)
rCorr    .         Harm     .   (gloves unavailable)
MR       .....                  (boots unavailable)
Stlth    +.........             (no amulet)
HPRegen  0.52/turn              (no ring)
MPRegen  0.08/turn              (no ring)

@: drained
A: large, unfitting armour, claws 3, fast metabolism 3, gourmand, regeneration
1, shaggy fur 1, tough skin 2
a: no special abilities


You were on level 2 of the Dungeon.
You were completely stuffed.

You visited 1 branch of the dungeon, and saw 2 of its levels.

You collected 20 gold pieces.

Inventory:

Armour
 a - a +0 robe (worn)
Scrolls
 c - 2 scrolls of teleportation {unknown}
 d - a scroll of fog {unknown}
 e - a scroll of immolation {unknown}
 f - a scroll of magic mapping {unknown}
 g - 2 scrolls of remove curse {unknown}
 h - 2 scrolls of identify {unknown}
 i - 2 scrolls of enchant weapon {unknown}
 l - a scroll of enchant armour {unknown}
Potions
 j - a potion of flight {unknown}
 m - a potion of might {unknown}
Comestibles
 b - 4 rations
 k - 14 chunks of flesh


   Skills:
 + Level 2.9(2.2) Fighting
 + Level 1.2(0.5) Armour
 - Level 2.4(1.7) Dodging
 - Level 1.0(0.4) Stealth
 * Level 4.1(3.4) Unarmed Combat


You had 2 spell levels left.
You didn't know any spells.
Your spell library was empty.

Dungeon Overview and Level Annotations

Branches:
Dungeon (2/15)

Altars:


Innate Abilities, Weirdness & Mutations

You are too large for most types of armour.
You have claws for hands.
Your metabolism is lightning-fast.
You like to eat raw meat.
Your natural rate of healing is unusually fast.
You are covered in fur. (AC +1)
You have very tough skin. (AC +2)


Message History

You kill the dart slug!
No target in view!
A wight comes into view. It is wielding a +0 scimitar.
The wight barely misses you.
You scratch the wight but do no damage. You closely miss the wight.
The wight barely misses you.
You claw the wight! The wight hits you with a +0 scimitar!
You feel drained.
You are too injured to fight recklessly!
You are too injured to fight recklessly!
You are too injured to fight recklessly!
You scratch the wight. The wight hits you with a +0 scimitar!
* * * LOW HITPOINT WARNING * * *
You closely miss the wight. The wight hits you with a +0 scimitar!
* * * LOW HITPOINT WARNING * * *
You feel drained.
* * * LOW HITPOINT WARNING * * *
You closely miss the wight. You scratch the wight.
The wight hits you but does no damage.
You closely miss the wight. The wight hits you with a +0 scimitar.
You die...

#.### #.#..
########.#.#
#######(.......#..
#....##.##...###..
#.##.##.........).
#.##.#####...###)#
#####.##.### #...#
#(# #...z@.....#
#...# #>(
#.####.....#
#######'#
#.....########...
#.......#........
#.#.....#.##.....
#.#######.......#
#.......#.....รท.#
######..##.#.......#
...........#.#######


You could see a wight.

Vanquished Creatures
  Robin (D:2)
  An adder (D:2)
  A worm (D:2)
  A dart slug (D:2)
  A giant cockroach (D:1)
  14 goblins
  6 hobgoblins
  3 bats
  3 frilled lizards (D:1)
  4 kobolds
  4 rats
39 creatures vanquished.

Notes
Turn   | Place    | Note
-------+----------+-------------------------------------------
     0 | D:1      | RoseArtemis the Troll Monk began the quest for the Orb.
     0 | D:1      | Reached XP level 1. HP: 22/22 MP: 0/0
   214 | D:1      | Reached XP level 2. HP: 29/29 MP: 1/1
   365 | D:1      | You fall through a shaft!
   860 | D:2      | Noticed Robin
   875 | D:2      | Reached XP level 3. HP: 36/36 MP: 2/2
   889 | D:2      | Killed Robin
   889 | D:2      | Reached skill level 1 in Armour
   992 | D:2      | Reached skill level 4 in Unarmed Combat
  1064 | D:2      | Slain by a wight

Vault maps used:
D:1:      dpeg_arrival_castle
D:2:      uniq_terence, uniq_robin

Skill      XL: |  1  2  3 |
---------------+----------+-----
Armour         | 1 |  1.2
Unarmed Combat | 4 |  4.1
Fighting       | |  2.9
Dodging        | |  2.4
Stealth        | |  1.0

Action                   || total
-------------------------++-------
Melee: Unarmed           ||   119
       Punch             ||     2
 Stab: Sleeping          ||     5
  Eat: Chunk             ||    15
Armor: Robe              ||    35
Dodge: Dodged            ||    58

Table legend:
 A = Non-vault XP
 B = Vault XP
 C = Vault XP percentage of total XP
 D = Non-vault monster count
 E = Vault monster count
 F = Vault count percentage of total count
                 A         B        C        D         E       F
            +---------+---------+-------+---------+---------+-------
      Total |      57 |      38 |  40.0 |      26 |      13 |  33.3
            +---------+---------+-------+---------+---------+-------
        D:1 |      31 |       0 |   0.0 |      20 |       0 |   0.0
        D:2 |      26 |      38 |  59.4 |       6 |      13 |  68.4
            +---------+---------+-------+---------+---------+-------
